 Dungeon Crawl Stone Soup version 0.21.1-1-g345015f (webtiles) character file.

64 tyranidshit the Skirmisher (level 3, 0/32 HPs)
             Began as a Demonspawn Abyssal Knight on July 26, 2018.
             Was a Follower of Lugonu.
             Slain by a gnoll
             ... wielding a +0 short sword
              (6 damage)
             ... on level 2 of the Dungeon.
             The game lasted 00:05:19 (1347 turns).

tyranidshit the Skirmisher (DsAK)                   Turns: 1347, Time: 00:05:20

Health: 0/32       AC:  8    Str: 10 (13) XL:     3   Next: 91%
Magic:  4/4        EV: 11    Int: 12 (13) God:    Lugonu [*.....]
Gold:   105        SH:  0    Dex:  9 (12) Spells: 2/2 levels left

rFire    . . .     SeeInvis .   a - +1 hand axe
rCold    . . .     Gourm    .   (no shield)
rNeg     + . .     Faith    .   b - +0 leather armour
rPois    .         Spirit   .   (no helmet)
rElec    .         Reflect  .   g - +1 cloak
rCorr    +         Harm     .   f - +1 pair of gloves
MR       .....                  (no boots)
Stlth    +.........             (no amulet)
HPRegen  0.10/turn              d - ring of positive energy
MPRegen  0.09/turn              i - ring of resist corrosion

@: no status effects
A: rugged brown scales 1, rot immunity
a: Depart the Abyss, Renounce Religion


You were on level 2 of the Dungeon.
You worshipped Lugonu.
Lugonu was aware of your devotion.
You were not hungry.

You visited 1 branch of the dungeon, and saw 3 of its levels.
You visited the Abyss 1 time.

You collected 105 gold pieces.

Inventory:

Hand Weapons
 a - a +1 hand axe (weapon)
 e - a +0 hand axe
Armour
 b - a +0 leather armour (worn)
 f - a +1 pair of gloves (worn)
 g - a +1 cloak (worn)
Jewellery
 d - a ring of positive energy (left hand)
 i - a ring of resist corrosion (right hand)
Scrolls
 h - 2 scrolls of remove curse
 j - 2 scrolls of teleportation
 k - a scroll of identify
Comestibles
 c - 5 rations


   Skills:
 + Level 4.9 Fighting
 - Level 1.7 Axes
 - Level 1.7 Armour
 - Level 0.8 Dodging
 - Level 2.4 Invocations


You had 2 spell levels left.
You didn't know any spells.

Dungeon Overview and Level Annotations

Branches:
Dungeon (3/15)

Altars:
Cheibriados
Gozag
Makhleb
Vehumet


Innate Abilities, Weirdness & Mutations

You are partially covered in rugged brown scales. (AC +1, +3% HP)
You are immune to rotting.


Message History

The gnoll closely misses you.
You hit the gnoll but do no damage.
The gnoll is heavily wounded.
The gnoll hits you with a short sword. x2
You hit the gnoll but do no damage.
The gnoll is heavily wounded.
The gnoll hits you with a short sword.
* * * LOW HITPOINT WARNING * * *
You hit the gnoll.
The gnoll is severely wounded.
The gnoll completely misses you.
You hit the gnoll but do no damage.
The gnoll is severely wounded.
The gnoll hits you but does no damage.
You closely miss the gnoll.
The gnoll is severely wounded.
The gnoll hits you with a short sword.
* * * LOW HITPOINT WARNING * * *
The gnoll hits you with a short sword.
You die...

#.#....# #.#... #.#....#
#.#... #.#..?.# #.#(##
######.#....# #...##
#......#....# #.....
#...........# # #..###
#......#l...# ##.##.....
#......#g###........##.##
#......#@# .)...........
#......#.# ...(.....#.##
#......#.# .........#.#
########.# ...... #.##
#####'## ..... #(.#
#......#######.# ##.#
#.............. #.#
#......####### #..
#......##########.###.


You could see a gnoll and a frilled lizard.

Vanquished Creatures
  2 gnolls
  An adder (D:2)
  A worm (D:2)
  A leopard gecko (D:1)
  2 giant cockroaches
  9 goblins
  3 hobgoblins
  3 bats
  A frilled lizard (D:1)
  5 kobolds (D:1)
  7 rats
35 creatures vanquished.

Notes
Turn   | Place    | Note
-------+----------+-------------------------------------------
     0 | Abyss:1  | tyranidshit the Demonspawn Abyssal Knight began the quest for the Orb.
     0 | Abyss:1  | Reached XP level 1. HP: 18/18 MP: 2/2
    65 | Abyss:3  | Noticed a smoke demon
    95 | Abyss:3  | Noticed an ophan
   121 | Abyss:4  | Noticed a smoke demon
   141 | Abyss:4  | Noticed a starcursed mass
   141 | Abyss:4  | Noticed a wraith
   141 | Abyss:5  | Entered Level 5 of the Abyss
   161 | Abyss:5  | Noticed a large abomination
   164 | Abyss:5  | Noticed an ancient zyme
   166 | D:1      | Escaped the Abyss
   185 | D:1      | Reached * piety under Lugonu
   185 | D:1      | Gained mutation: You are partially covered in rugged brown scales. (AC +1, +3% HP) [demonic ancestry]
   185 | D:1      | Reached XP level 2. HP: 7/24 MP: 3/3
   411 | D:1      | Reached skill level 4 in Fighting
   464 | D:1      | Gained mutation: You are immune to rotting. [demonic ancestry]
   464 | D:1      | Reached XP level 3. HP: 21/30 MP: 4/4
   705 | D:1      | You fall through a shaft!
   728 | D:2      | Found a snail-covered altar of Cheibriados.
   728 | D:2      | Found an opulent altar of Gozag.
   728 | D:2      | Found a radiant altar of Vehumet.
   731 | D:2      | Found a burning altar of Makhleb.
  1224 | D:3      | Noticed an ogre
  1347 | D:2      | Slain by a gnoll

Skill      XL: |  1  2 |
---------------+-------+-----
Fighting       | 4 |  4.9
Axes           | |  1.7
Armour         | |  1.7
Dodging        | |  0.8
Invocations    | |  2.4

Action                   || total
-------------------------++-------
Melee: Hand axe          ||   119
Invok: Depart the Abyss  ||     1
  Use: Scroll            ||     5
       Potion            ||     4
  Eat: Ration            ||     1
Armor: Leather armour    ||    62
Dodge: Dodged            ||    83
